 Dungeon Sprint DCSS version 0.31.0-32-g396128a36d (webtiles) character file.

Game seed: 8842329280240299535

16692 Groucho the Geomancer (level 12, 0/63 (65) HPs)
             Began as a Spriggan Earth Elementalist on Mar 9, 2024.
             Was the Champion of Sif Muna.
             Killed from afar by a hell hog (50 damage)
             ... with a fireball
             ... in the Dungeon (Sprint VII: "The Pits").
             The game lasted 00:22:53 (8477 turns).

Groucho the Geomancer (Spriggan Earth Elementalist) Turns: 8477, Time: 00:22:54

HP:   0/63 (65)     AC:  6    Str:  4    XL:     12   Next: 12%
MP:   14/30         EV: 23    Int: 20    God:    Sif Muna [******]
Gold: 45            SH:  0    Dex: 17    Spells: 8/37 levels left

rFire   . . .        h - +2 dagger (freeze)
rCold   . . .        (no shield)
rNeg    . . .        s - +0 troll leather armour
rPois   .            (helmet restricted)
rElec   .            (no cloak)
rCorr   .            (gloves unavailable)
SInv    +            (boots unavailable)
Will    ++...        (no amulet)
Stlth   ++++         m - +3 ring of evasion
HPRegen 1.10/turn    n - +3 ring of protection
MPRegen 0.22/turn

%: no teleportation
@: very slightly contaminated, lightly drained, very quick
A: very small, no large weapons, unfitting armour, see invisible, speed 3
a: Renounce Religion, Channel Magic, Forget Spell, Divine Exegesis


You were in the Dungeon.
You worshipped Sif Muna.
Sif Muna was exalted by your worship.
You visited 1 branch You collected 45 gold pieces.

Inventory:

Hand Weapons
 h - a +2 dagger of freezing (weapon)
 r - a +2 rapier of electrocution
Missiles
 a - 2 throwing nets
Armour
 s - a +0 troll leather armour (worn)
 C - a +2 robe of positive energy
Jewellery
 m - a +3 ring of evasion (left hand)
 n - a +3 ring of protection (right hand)
 t - a ring of positive energy
 u - a ring of fire
Wands
 B - a wand of light (10)
Scrolls
 g - a scroll of blinking
 j - 2 scrolls of vulnerability
 k - 5 scrolls of amnesia
 l - a scroll of butterflies
 v - a scroll of enchant armour
 w - 8 scrolls of enchant weapon
 y - 2 scrolls of fear
 z - a scroll of identify
 A - a scroll of fog
Potions
 b - 5 potions of magic
 c - 6 potions of curing
 d - 11 potions of heal wounds
 e - 2 potions of haste
 f - 6 potions of berserk rage
 i - 2 potions of invisibility
 o - 2 potions of might
 p - 3 potions of brilliance
 q - 2 potions of resistance
 x - a potion of mutation


   Skills:
 + Level 8.9 Fighting
 - Level 5.0 Short Blades
 + Level 4.5 Armour
 + Level 8.5 Dodging
 - Level 10.0 Stealth
 + Level 13.3 Spellcasting
 * Level 12.0 Conjurations
 + Level 0.0 Necromancy
 * Level 14.4 Earth Magic
 + Level 10.1 Alchemy
 - Level 10.0 Invocations


You had 8 spell levels left.
You knew the following spells:

 Your Spells              Type           Power      Damage    Failure   Level
a - Sandblast             Erth           100%       2d20      1%          1
b - Stone Arrow           Conj/Erth      100%       3d13      1%          3
c - Petrify               Alch/Erth      58%        N/A       1%          4
d - Irradiate             Conj/Alch      27%        3d20      2%          5
e - Lee's Rapid Deconstr  Erth           31%        3d16*     1%          5
f - Bombard               Conj/Erth      30%        9d5       5%          6
g - Borgnjor's Vile Clut  Necr/Erth      21%        N/A       12%         5

Your spell library contained the following spells:

 Spells                   Type           Power      Damage    Failure   Level
 Kiss of Death            Conj/Necr      100%       2d13      1%          1
 Magic Dart               Conj           100%       1d8       1%          1
 Sting                    Conj/Alch      100%       1d9       1%          1
 Hailstorm                Conj/Ice       37%        3d9       1%          3
 Passwall                 Erth           63%        N/A       1%          3
 Brom's Barrelling Bould  Conj/Erth      60%        2d8       1%          4
 Fulminant Prism          Conj/Alch      27%        3d14      1%          4
 Iskenderun's Battlesphe  Conj           57%        2d11      1%          5
 Flame Wave               Conj/Fire      37%        2d10      7%          4
 Freeze                   Ice            52%        1d6       9%          1
 Summon Small Mammal      Summ           52%        N/A       9%          1
 Call Imp                 Summ           26%        N/A       12%         2
 Arcjolt                  Conj/Air       18%        1d28      19%         5
 Fireball                 Conj/Fire      18%        3d9       19%         5
 Frozen Ramparts          Ice            26%        1d4       24%         3
 Fugue of the Fallen      Necr           13%        N/A       24%         3
 Swiftness                Air            13%        N/A       24%         3
 Freezing Cloud           Conj/Ice/Air   14%        6-21      41%         5
 Orb of Destruction       Conj           28%        9d9       45%         7
 Anguish                  Hex/Necr       6%         N/A       63%         4
 Animate Dead             Necr           13%        N/A       63%         4
 Dispel Undead            Necr           13%        3d9       63%         4
 Martyr's Knell           Necr/Summ      13%        N/A       63%         4
 Vhi's Electric Charge    Tloc/Air       26%        N/A       63%         4
 Conjure Ball Lightning   Conj/Air       18%        3x3d6     71%         6
 Starburst                Conj/Fire      18%        6d7       71%         6
 Sculpt Simulacrum        Ice/Alch       16%        N/A       85%         6
 Curse of Agony           Necr           13%        N/A       92%         5
 Lehudib's Crystal Spear  Conj/Erth      30%        10d8      94%         8
 Spellforged Servitor     Conj/Summ      18%        N/A       99%         7
 Haunt                    Necr/Summ      6%         N/A       100%        7
 Maxwell's Capacitive Co  Air            6%         ∞         100%        8
 Shatter                  Erth           31%        3d26*     100%        9


Dungeon Overview and Level Annotations

Branches:
Dungeon (1/1)

Altars:
Ashenzari
Cheibriados
Dithmenos
Elyvilon
Fedhas
Gozag
Hepliaklqana
Kikubaaqudgha
Makhleb
Nemelex Xobeh
Okawaru
Qazlal
Ru
Sif Muna
Trog
Uskayaw
Vehumet
Wu Jian
Xom
Yredelemnul
Zin
The Shining One
Jiyva
Lugonu


Innate Abilities, Weirdness & Mutations

You are very small and have problems with some larger weapons.
You are too small for most types of armour.
You have supernaturally acute eyesight. (SInv)
You cover ground extremely quickly. (Speed+++)


Message History

You see here a +2 ring mail of poison resistance.
Okay, then.
There is an open door to the Storerooms (Easy) here.
Things that are here:
a +0 dagger of chaos; a +0 short sword; a +0 short sword
Casting: Stone Arrow (safe; 1% risk of failure)
Confirm with . or Enter, or press ? or * to list all spells.
Okay, then.
Unknown command.
Casting: Stone Arrow (safe; 1% risk of failure)
Confirm with . or Enter, or press ? or * to list all spells.
Aiming: Borgnjor's Vile Clutch (quite dangerous; 12% risk of failure)
Press: ? - help, Shift-Dir - straight line Nothing appears to happen.
The hell hog squeals angrily.
Casting: Borgnjor's Vile Clutch (quite dangerous; 12% risk of failure)
Confirm with . or Enter, or press ? or * to list all spells.
Aiming: Borgnjor's Vile Clutch (quite dangerous; 12% risk of failure)
Press: ? - help, Shift-Dir - straight line You miscast Borgnjor's Vile Clutch.
You are very lightly contaminated with residual magic.
Pain shoots through your body!
You feel drained.
The hell hog squeals angrily.
You hear an angry squeal.
Unknown command.
Unknown command.
Casting: Borgnjor's Vile Clutch (quite dangerous; 12% risk of failure)
Confirm with . or Enter, or press ? or * to list all spells.
Aiming: Stone Arrow (safe; 1% risk of failure)
Press: ? - help, Shift-Dir - straight line, f - hell hog
Aim: a hell hog (81% to hit)
The stone arrow hits the hell hog!!
The hell hog is moderately wounded.
The hell hog breathes fire at you.
The fireball explodes!
The fireball engulfs you!!
Unknown command.
You feel much better. The hell hog bites you.
The hell hog breathes fire at you.
The fireball explodes!
The fireball engulfs you!!!
Ouch! That really hurt!
You die...

############ #_________.#
#_________.#
#_______...###########++###### ##
##########'##................# ..
#..(.')))'.##).....#.)#.)....##..
##########.##................''..
#.....).)..[')..@.hh..h......'h..
#'#####'#####......#..#......##..
#.#.....#[[##.......)))).....# ..
#.#.....#))#####'#####)'###### ##
#.###'###))##.......##''#########
#.#.....#))##.......##..).......#
#.#.....#..##.......##.))).))...'
#.####'##'###...<...##..#####).)#
#†#........##.......##..'...#....


You could see 3 hell hogs.

Vanquished Creatures
  Josephine (D)
  A merfolk impaler (D)
  A hydra (D)
  A two-headed ogre (D)
  A boulder beetle (D)
  Sonja (D)
  2 shadow wraiths (D)
  2 flayed ghosts (D)
  A wolf spider (D)
  An orc knight (D)
  A deep elf pyromancer (D)
  2 deep elf zephyrmancers (D)
  A cyclops (D)
  A phantasmal warrior (D)
  5 elephants (D)
  2 gargoyles (D)
  A rime drake (D)
  2 unseen horrors (D)
  An efreet (D)
  A kobold demonologist (D)
  A guardian mummy (D)
  A red devil (D)
  2 trolls (D)
  4 merfolk (D)
  Psyche (D)
  A hornet (D)
  A snapping turtle (D)
  A glass eye (D)
  A jumping spider (D)
  4 wraiths (D)
  A shadow (D)
  2 redbacks (D)
  An orc warrior (D)
  A sky beast (D)
  2 ice beasts (D)
  A crocodile (D)
  A small abomination (D)
  A kobold brigand (D)
  A weeping skull (D)
  A scorpion (D)
  A crimson imp (D)
  A quasit (D)
  An orc priest (D)
  2 gnoll boudas (D)
  A mummy (D)
  7 gnolls (D)
  3 river rats (D)
  A white imp (D)
  An ufetubus (D)
  An adder zombie (D)
  A dart slug (D)
  2 orcs (D)
  A bat zombie (D)
  3 giant cockroaches (D)
  A hobgoblin (D)
  A ball python zombie (D)
  2 bats (D)
  A frilled lizard (D)
89 creatures vanquished.

Vanquished Creatures (others)
  A crocodile (D)
  A kobold brigand (D)
2 creatures vanquished.

Grand Total: 91 creatures vanquished

Notes
Turn   | Place    | Note
-------+----------+-------------------------------------------
     0 | D        | Groucho the Spriggan Earth Elementalist began the quest for
                  | the Orb.
     0 | D        | Reached XP level 1. HP: 9/9 MP: 5/5
    15 | D        | Reached skill level 1 in Conjurations
    15 | D        | Reached skill level 3 in Earth Magic
    44 | D        | Found a bloodstained altar of Trog.
    44 | D        | Found a shimmering blue altar of Sif Muna.
    44 | D        | Found a viscous altar of Jiyva.
    44 | D        | Found a hazy altar of Hepliaklqana.
    44 | D        | Found an opulent altar of Gozag.
    45 | D        | Found a glowing golden altar of the Shining One.
    45 | D        | Found a glowing silver altar of Zin.
    45 | D        | Found a basalt altar of Yredelemnul.
    45 | D        | Found a shimmering altar of Xom.
    45 | D        | Found an ornate altar of the Wu Jian Council.
    45 | D        | Found a sacrificial altar of Ru.
    45 | D        | Found a stormy altar of Qazlal.
    45 | D        | Found an iron altar of Okawaru.
    45 | D        | Found a sparkling altar of Nemelex Xobeh.
    45 | D        | Found a burning altar of Makhleb.
    45 | D        | Found a blossoming altar of Fedhas.
    45 | D        | Found a white marble altar of Elyvilon.
    45 | D        | Found a shadowy altar of Dithmenos.
    45 | D        | Found a snail-covered altar of Cheibriados.
    47 | D        | Found a corrupted altar of Lugonu.
    47 | D        | Found a radiant altar of Vehumet.
    48 | D        | Found an ancient bone altar of Kikubaaqudgha.
    48 | D        | Found a hide-covered altar of Uskayaw.
    48 | D        | Found a broken altar of Ashenzari.
    49 | D        | Became a worshipper of Sif Muna the Loreminder
    67 | D        | Reached XP level 2. HP: 11/13 MP: 5/7
   232 | D        | Reached * piety under Sif Muna
   235 | D        | Reached skill level 4 in Earth Magic
   245 | D        | Reached ** piety under Sif Muna
   246 | D        | Reached XP level 3. HP: 16/16 MP: 2/9
   507 | D        | Noticed a scorpion
   571 | D        | Killed a scorpion
   572 | D        | Reached skill level 5 in Spellcasting
   572 | D        | Reached skill level 5 in Earth Magic
   572 | D        | Reached XP level 4. HP: 21/21 MP: 3/12
   915 | D        | Noticed an ice beast
   916 | D        | Noticed a crocodile
   935 | D        | Learned a level 3 spell: Stone Arrow
   977 | D        | Killed an ice beast
   978 | D        | Reached skill level 1 in Fighting
   978 | D        | Reached skill level 6 in Earth Magic
   978 | D        | Reached skill level 1 in Invocations
   978 | D        | Reached XP level 5. HP: 25/25 MP: 9/14
  1037 | D        | Killed a crocodile
  1037 | D        | Reached *** piety under Sif Muna
  1038 | D        | Reached skill level 5 in Stealth
  1038 | D        | Reached skill level 5 in Conjurations
  1038 | D        | Reached XP level 6. HP: 30/30 MP: 6/16
  1043 | D        | Reached skill level 7 in Earth Magic
  1363 | D        | Noticed a sky beast
  1367 | D        | Killed a sky beast
  1367 | D        | Reached **** piety under Sif Muna
  1746 | D        | Noticed a gargoyle
  1752 | D        | Killed a gargoyle
  1753 | D        | Reached skill level 8 in Earth Magic
  1753 | D        | Reached XP level 7. HP: 30/36 MP: 4/19
  2147 | D        | Learned a level 4 spell: Petrify
  2151 | D        | Reached skill level 1 in Alchemy
  2154 | D        | Reached skill level 5 in Short Blades
  2658 | D        | Noticed a six-headed hydra
  2660 | D        | Noticed an unseen horror
  2682 | D        | Killed an unseen horror
  2683 | D        | Reached XP level 8. HP: 38/42 MP: 14/21
  2702 | D        | Killed a six-headed hydra
  2703 | D        | Reached skill level 9 in Earth Magic
  2703 | D        | Reached skill level 5 in Invocations
  3094 | D        | Noticed an unseen horror
  3098 | D        | Killed an unseen horror
  3099 | D        | Reached skill level 5 in Fighting
  3099 | D        | Reached skill level 10 in Stealth
  3099 | D        | Reached XP level 9. HP: 40/47 MP: 12/23
  3358 | D        | Noticed a flayed ghost
  3374 | D        | Killed a flayed ghost
  3375 | D        | Reached skill level 10 in Earth Magic
  3375 | D        | Reached skill level 5 in Alchemy
  3660 | D        | Reached ***** piety under Sif Muna
  3667 | D        | Noticed a two-headed ogre
  3670 | D        | Killed a two-headed ogre
  3671 | D        | Reached skill level 10 in Spellcasting
  4037 | D        | Noticed a deep elf pyromancer
  4038 | D        | Noticed a cyclops
  4039 | D        | Noticed a gargoyle
  4091 | D        | Killed a gargoyle
  4153 | D        | Killed a cyclops
  4154 | D        | Reached skill level 11 in Earth Magic
  4293 | D        | Killed a deep elf pyromancer
  4293 | D        | Received a gift from Sif Muna
  4294 | D        | Reached XP level 10. HP: 53/53 MP: 14/25
  4294 | D        | Got Sif Muna's Book of the Barrage and Vapour {god gift}
  4301 | D        | Learned a level 5 spell: Irradiate
  4420 | D        | Noticed a deep elf zephyrmancer
  4426 | D        | Killed a deep elf zephyrmancer
  4426 | D        | Received a gift from Sif Muna
  4427 | D        | Got Sif Muna's Annotations on Blasting {god gift}
  4453 | D        | Noticed an orc knight
  4488 | D        | Killed an orc knight
  4489 | D        | Reached skill level 12 in Earth Magic
  4517 | D        | Reached skill level 10 in Conjurations
  4992 | D        | Received a gift from Sif Muna
  4993 | D        | Got Sif Muna's Treatise on Mud and Refrigeration {god gift}
  5000 | D        | Learned a level 5 spell: Lee's Rapid Deconstruction
  5004 | D        | Noticed Sonja
  5007 | D        | Learned a level 6 spell: Bombard
  5011 | D        | Killed Sonja
  5012 | D        | Reached skill level 1 in Armour
  5304 | D        | Noticed a flayed ghost
  5520 | D        | Killed a flayed ghost
  5762 | D        | Reached XP level 11. HP: 56/58 MP: 17/27
  6098 | D        | Received a gift from Sif Muna
  6113 | D        | Reached skill level 5 in Dodging
  6155 | D        | Noticed a merfolk impaler
  6165 | D        | Killed a merfolk impaler
  6166 | D        | Reached skill level 13 in Earth Magic
  6593 | D        | Received a gift from Sif Muna
  6594 | D        | Got Sif Muna's Essays on Mustering {god gift}
  6973 | D        | Noticed Josephine
  6973 | D        | Noticed a shadow wraith
  6974 | D        | Noticed a wolf spider
  7018 | D        | Killed Josephine
  7128 | D        | Reached ****** piety under Sif Muna
  7148 | D        | Received a gift from Sif Muna
  7194 | D        | Got Sif Muna's Commentary on Wounds {god gift}
  7272 | D        | Noticed a deep elf zephyrmancer
  7281 | D        | Killed a deep elf zephyrmancer
  7339 | D        | Noticed a phantasmal warrior
  7350 | D        | Killed a wolf spider
  7353 | D        | Killed a phantasmal warrior
  7353 | D        | Received a gift from Sif Muna
  7354 | D        | Reached skill level 14 in Earth Magic
  7354 | D        | Got Sif Muna's Essays on Spectres {god gift}
  7440 | D        | Learned a level 5 spell: Borgnjor's Vile Clutch
  7490 | D        | Noticed a shadow wraith
  7495 | D        | Killed a shadow wraith
  7496 | D        | Reached skill level 10 in Invocations
  7522 | D        | Killed a shadow wraith
  7523 | D        | Reached XP level 12. HP: 65/65 MP: 7/30
  8140 | D        | Noticed a boulder beetle
  8144 | D        | Killed a boulder beetle
  8145 | D        | Reached skill level 10 in Alchemy
  8268 | D        | Noticed a hell hog
  8268 | D        | Noticed a hell hog
  8269 | D        | Noticed Psyche
  8269 | D        | Noticed a hell hog
  8458 | D        | Killed Psyche
  8477 | D        | Killed from afar by a hell hog

Illustrated notes

Levels and vault maps discovered:
D:        pitsprint [storerooms_1, entrance_room_1, metal_vault_8, armoury_3,
          mini_pit_1, grid_room_1, main_hall_1, silver_pit, the_coven_3,
          the_vestibule_1, steel_vault_4, golden_pit, hallway_of_sentries,
          crystal_vault_6, iron_vault_1, final_vault]

Skill      XL: |  1  2  3  4  5  6  7  8  9 10 11 12 |
---------------+-------------------------------------+-----
Conjurations   | 2 4 5 6 7 9 10 11 12 | 12.0
Earth Magic    | 3 4 5 6 8 9 11 12 14 | 14.4
Spellcasting   | 3 4 5 6 7 8 9 10 11 13 | 13.3
Fighting       | 1 2 3 4 5 6 7 8 |  8.9
Short Blades   | 2 4 5 |  5.0
Stealth        | 4 5 7 8 10 | 10.0
Invocations    | 1 2 4 5 7 8 10 | 10.0
Alchemy        | 2 4 6 8 9 10 | 10.1
Dodging        | 4 8 |  8.5
Armour         | 1 4 |  4.5

Action                     |  1- 3 |  4- 6 |  7- 9 | 10-12 || total
---------------------------+-------+-------+-------+-------++-------
  Melee: Dagger            |    11 |       |     4 |    66 ||    81
   Cast: Sandblast         |    19 |    11 |       |       ||    30
         Stone Arrow       |       |    15 |    46 |   122 ||   183
         Petrify           |       |       |     2 |    11 ||    13
         Lee's Rapid Decon |       |       |       |    12 ||    12
         Irradiate         |       |       |       |     5 ||     5
         Borgnjor's Vile C |       |       |       |     1 ||     1
         Bombard           |       |       |       |     1 ||     1
 Invoke: Channel Magic     |       |     1 |     2 |     7 ||    10
    Use: Potion            |     1 |     2 |     2 |     3 ||     8
         Scroll            |       |       |       |     1 ||     1
   Stab: Petrified         |       |       |     1 |    12 ||    13
         Petrifying        |       |       |     1 |       ||     1
         Sleeping          |       |       |       |     2 ||     2
 Armour: Robe              |    12 |     8 |    11 |     5 ||    36
         Troll leather arm |       |       |       |    21 ||    21
  Dodge: Dodged            |    22 |     5 |    11 |    35 ||    73
